 Dungeon Crawl Stone Soup version 0.23.2-33-g5129a83184 (webtiles) character file.

Game seed: 13916768881408864368

13034 DorianNounverber the Geomancer (level 12, -25/71 HPs)
             Began as a Gargoyle Earth Elementalist on July 13, 2019.
             Was a Priest of Vehumet.
             Annihilated by a stone giant (27 damage)
             ... on level 10 of the Dungeon.
             The game lasted 00:43:41 (14178 turns).

DorianNounverber the Geomancer (GrEE)              Turns: 14178, Time: 00:43:41

Health: -25/71     AC: 13    Str: 11    XL:     12   Next: 1%
Magic:  9/24       EV: 14    Int: 25    God:    Vehumet [***...]
Gold:   384        SH:  0    Dex: 10    Spells: 2/27 levels left

rFire    + + .     SeeInvis .   O - +6 great mace of Oenomania {venom, rF+}
rCold    . . .     Gourm    .   (shield currently unavailable)
rNeg     + . .     Faith    +   L - +2 robe {rF+}
rPois    ∞         Spirit   .   x - +0 hat {Int+3}
rElec    +         Reflect  .   U - +0 cloak
rCorr    .         Harm     .   (no gloves)
MR       +....                  (no boots)
Stlth    ++........             J - amulet of faith
HPRegen  0.21/turn              B - ring of protection from magic
MPRegen  0.19/turn              (no ring)

@: no status effects
A: negative energy resistance 1, electricity resistance, unbreathing,
petrification resistance, rot immunity, AC +8
a: Renounce Religion


You were on level 10 of the Dungeon.
You worshipped Vehumet.
Vehumet was most pleased with you.
You were not hungry.

You visited 3 branches of the dungeon, and saw 12 of its levels.

You collected 612 gold pieces.
You spent 228 gold pieces at shops.

Inventory:

Hand Weapons
 s - a +2 morningstar of draining
 w - a +2 whip of electrocution
 y - the +3 hunting sling of the Eight Nights {speed, rPois Str+4 Int+3}
   (You found it on level 4 of the Dungeon)

   Attacks with this weapon are significantly faster.
   It affects your strength (+4).
   It affects your intelligence (+3).
   It protects you from poison.
 O - the +6 great mace of Oenomania (weapon) {venom, rF+}
   (You took it off an ogre on level 7 of the Dungeon)

   It poisons the flesh of those it strikes.
   It protects you from fire.
Missiles
 b - 3 steel tomahawks
 A - 3 javelins
 G - 3 throwing nets
 V - 64 stones (quivered)
Armour
 c - a +0 robe
 g - a +0 helmet
 x - a +0 hat of intelligence (worn)
 L - a +2 robe of fire resistance (worn)
 U - a +0 cloak (worn)
Magical Staves
 a - an uncursed staff of energy
Jewellery
 B - a ring of protection from magic (left hand)
 J - an amulet of faith (around neck)
 Q - an uncursed amulet of faith
Wands
 i - a wand of polymorph (17)
 q - a wand of random effects (28)
 t - a wand of clouds (5)
 F - a wand of paralysis (7)
 N - a wand of iceblast (4)
 P - a wand of acid (14)
Scrolls
 e - 5 scrolls of teleportation
 k - 4 scrolls of magic mapping
 o - 11 scrolls of remove curse
 p - a scroll of random uselessness {unknown}
 r - a scroll of immolation {unknown}
 v - 3 scrolls of fear
 D - 4 scrolls of enchant weapon
 E - 6 scrolls of identify
 H - 2 scrolls of summoning {unknown}
 I - 2 scrolls of enchant armour {unknown}
 K - a scroll of holy word {unknown}
 R - a scroll of amnesia {unknown}
 S - a scroll of fog {unknown}
 T - a scroll of blinking {unknown}
Potions
 f - 3 potions of curing
 h - a potion of degeneration {unknown}
 j - 2 potions of heal wounds {unknown}
 l - a potion of lignification {unknown}
 m - 4 potions of magic {unknown}
 n - 2 potions of haste {unknown}
 u - a potion of agility {unknown}
 z - a potion of invisibility
 C - 4 potions of flight {unknown}
 M - 2 potions of brilliance {unknown}
Comestibles
 d - 17 rations


   Skills:
 + Level 6.6 Fighting
 + Level 4.9(5.1) Maces & Flails
 - Level 2.2(3.8) Staves
 + Level 5.3 Dodging
 - Level 2.6 Stealth
 * Level 8.3 Spellcasting
 + Level 6.5 Conjurations
 + Level 2.7 Necromancy
 + Level 4.9 Transmutations
 * Level 11.0 Earth Magic
 + Level 2.7 Evocations


You had 2 spell levels left.
You knew the following spells:

 Your Spells              Type           Power        Failure   Level  Hunger
a - Sandblast             Erth           ######       1%          1    None
b - Stone Arrow           Conj/Erth      ######       1%          3    None
c - Petrify               Tmut/Erth      ######..     2%          4    ##.....
d - Lee's Rapid Deconstr  Erth           ######....   1%          5    ####...
e - Animate Dead          Necr           N/A          19%         4    ##.....
f - Conjure Flame         Conj/Fire      ####....     1%          3    None
g - Fireball              Conj/Fire      ####......   11%         5    ####...

Your spell library contained the following spells:

 Spells                   Type           Power        Failure   Level  Hunger
 Static Discharge         Conj/Air       ####....     1%          3    None
 Animate Skeleton         Necr           N/A          1%          1    None
 Flame Tongue             Conj/Fire      ####.        1%          1    None
 Pain                     Necr           ###.         1%          1    None
 Passwall                 Tmut/Erth      ######..     1%          2    None
 Throw Flame              Conj/Fire      ####..       1%          2    None
 Inner Flame              Hex/Fire       ##......     4%          3    None
 Sticky Flame             Conj/Fire      ####....     4%          4    ##.....
 Vampiric Draining        Necr           ###.......   6%          3    None
 Regeneration             Chrm/Necr      ###.......   10%         3    None


Dungeon Overview and Level Annotations

Branches:
Dungeon (10/15)            Temple (1/1) D:7            Lair (0/6) D:10
    Orc (1/2) D:10

Altars:
Ashenzari
Cheibriados
Dithmenos
Elyvilon
Fedhas
Gozag
Hepliaklqana
Kikubaaqudgha
Makhleb
Nemelex Xobeh
Okawaru
Qazlal
Ru
Sif Muna
Trog
Uskayaw
Vehumet
Wu Jian
Xom
Yredelemnul
Zin
The Shining One

Shops:
D:5 ?   D:10 [


Innate Abilities, Weirdness & Mutations

You are resistant to torment.
Your stone body is resilient. (AC +8)
You are immune to poison.
You resist negative energy. (rN+)
You are resistant to electric shocks. (rElec)
You can survive without breathing.
You are immune to petrification.
You are immune to rotting.


Message History

Press: ? - help, Dir - move target cursor A rock wall.
The wall shatters!
The blast of rock fragments hits the stone giant!
The stone giant is lightly wounded.
The stone giant hits you but does no damage.
Casting: Lee's Rapid Deconstruction (safe; 1% risk of failure)
Confirm with . or Enter, or press ? or * to list all spells.
You don't know that spell.
You sock the stone giant!
The stone giant looks as sick as possible!
The stone giant is moderately wounded.
The stone giant hits you!!
You feel better. The stone giant barely misses you.
You sock the stone giant!
The stone giant is heavily wounded.
The stone giant hits you!!
* * * LOW HITPOINT WARNING * * *
The stone giant hits you!!
You die...

.........# #....................'
#.##..##.# #####.......##.##....#
.<.....#.# #.......##.##....#
.......#.# #..#######'##.####
......<#.# #..# #....#.....
....#..#.########.# #....#.....
....#..#..........#####....#.....
.####......................#.....
.#######........@#.#.......#.....
.........#######C#.........#.....
################.##........#.....
.................##.....<..#.....
#).........########.###....#.....
)).........# #####..##....#.....
#[[........# #....#.##....#.....
#..........# #....#.##....#.####
#..........# #....#..######.##


You could see a stone giant.

Vanquished Creatures
  Gastronok (D:9)
  Harold (D:9)
  2 two-headed ogres
  Pikel (D:7)
  A guardian serpent (D:8)
  Maurice (D:9)
  The ghost of harness the Archer, a novice DEAM (D:5)
  The ghost of PeSeC the Fighter, an amateur MiFi (D:7)
  A troll (D:9)
  Grinder (D:5)
  Prince Ribbit (D:5)
  2 hippogriffs
  A wraith (D:10)
  A shadow (D:10)
  A warg (D:10)
  A water moccasin (D:10)
  Duvessa (D:7)
  2 orc warriors
  2 porcupines (D:10)
  4 sky beasts
  2 black bears
  3 ice beasts
  2 phantoms
  3 necrophages (D:10)
  9 ogres
  3 centaurs
  4 bullfrogs
  A big kobold (D:10)
  A gnoll sergeant (D:9)
  Dowan (D:7)
  A wyvern skeleton (D:9)
  4 scorpions
  3 killer bees
  5 wights (D:6)
  3 howler monkeys
  3 crimson imps
  A bullfrog zombie (D:8)
  A quasit (D:6)
  6 orc priests
  A centaur skeleton (D:6)
  2 centaur zombies
  6 hounds
  4 jellies
  A gnoll shaman (D:8)
  A bullfrog skeleton (D:8)
  12 orc wizards
  7 iguanas
  Terence (D:2)
  Natasha (twice) (D:2)
  12 worker ants
  A hound zombie (D:9)
  A hound skeleton (D:8)
  2 worker ant zombies
  15 gnolls
  11 adders
  An ooze (D:4)
  3 adder skeletons
  An adder zombie (D:9)
  3 worms
  2 dart slugs
  9 leopard geckos
  39 orcs
  3 bats (D:1)
  3 giant cockroaches
  6 goblins
  7 hobgoblins
  7 jackals
  12 kobolds
  3 quokkas
  A ball python (D:2)
  2 frilled lizards (D:1)
  A leopard gecko skeleton (D:5)
  A leopard gecko zombie (D:8)
  15 rats
281 creatures vanquished.

Vanquished Creatures (others)
  A scorpion (D:7)
  A hound (D:7)
  A jelly (D:9)
  4 fungi (D:10)
7 creatures vanquished.

Grand Total: 288 creatures vanquished

Notes
Turn   | Place    | Note
-------+----------+-------------------------------------------
     0 | D:1      | DorianNounverber the Gargoyle Earth Elementalist began the
                  | quest for the Orb.
     0 | D:1      | Reached XP level 1. HP: 10/10 MP: 3/3
   289 | D:1      | Reached XP level 2. HP: 14/15 MP: 0/5
   594 | D:1      | Reached skill level 4 in Earth Magic
   602 | D:1      | Reached XP level 3. HP: 19/20 MP: 6/6
   976 | D:2      | Noticed Natasha
   981 | D:2      | Killed Natasha
   981 | D:2      | Reached skill level 1 in Fighting
  1057 | D:2      | Reached XP level 4. HP: 25/25 MP: 8/8
  1063 | D:2      | Learned a level 3 spell: Stone Arrow
  1068 | D:2      | Learned a level 4 spell: Petrify
  1300 | D:2      | Noticed Terence
  1313 | D:2      | Killed Terence
  1523 | D:2      | Found an opulent altar of Gozag.
  1623 | D:2      | Noticed Natasha
  1627 | D:2      | Killed Natasha
  1627 | D:2      | Reached skill level 1 in Transmutations
  1627 | D:2      | Reached XP level 5. HP: 23/29 MP: 2/9
  2287 | D:3      | Reached skill level 5 in Earth Magic
  2481 | D:4      | Reached skill level 1 in Conjurations
  2662 | D:4      | Reached XP level 6. HP: 35/35 MP: 0/11
  2948 | D:4      | Got a transparent hunting sling
  2953 | D:4      | Identified the +3 hunting sling of the Eight Nights {speed,
                  | rPois Str+4 Int+3} (You found it on level 4 of the Dungeon)
  3207 | D:4      | Noticed a phantom
  3265 | D:4      | Killed a phantom
  3265 | D:4      | Reached XP level 7. HP: 32/40 MP: 1/12
  3318 | D:4      | Learned a level 5 spell: Lee's Rapid Deconstruction
  3863 | D:5      | Entered Level 5 of the Dungeon
  3864 | D:5      | Reached skill level 1 in Maces & Flails
  3988 | D:5      | Noticed Prince Ribbit
  3992 | D:5      | Noticed harness's ghost (novice DEAM)
  4011 | D:5      | Killed Prince Ribbit
  4011 | D:5      | Reached skill level 6 in Earth Magic
  4486 | D:5      | Found Nebliyts's Magic Scroll Boutique.
  4494 | D:5      | Bought a scroll of enchant weapon for 90 gold pieces
  4494 | D:5      | Bought 2 scrolls of identify for 48 gold pieces
  4494 | D:5      | Bought a scroll of enchant weapon for 90 gold pieces
  4552 | D:5      | Reached XP level 8. HP: 44/46 MP: 7/14
  5103 | D:5      | Found a runed translucent door.
  5105 | D:5      | Noticed Grinder
  5126 | D:5      | Killed Grinder
  5126 | D:5      | Reached skill level 7 in Earth Magic
  5224 | D:5      | Killed harness's ghost
  5224 | D:5      | Reached skill level 5 in Spellcasting
  5224 | D:5      | Reached XP level 9. HP: 19/52 MP: 3/16
  5861 | D:6      | Found an ornate altar of the Wu Jian Council.
  6214 | D:6      | Reached skill level 8 in Earth Magic
  7319 | D:7      | Reached skill level 1 in Staves
  7319 | D:7      | Reached XP level 10. HP: 43/58 MP: 7/19
  7444 | D:7      | Noticed Pikel
  7532 | D:7      | Found a staircase to the Ecumenical Temple.
  7541 | D:7      | Reached skill level 5 in Fighting
  7561 | D:6      | Reached skill level 9 in Earth Magic
  7896 | D:7      | Killed Pikel
  7896 | D:7      | Reached skill level 5 in Conjurations
  8032 | Temple   | Entered the Ecumenical Temple
  8226 | Temple   | Became a worshipper of Vehumet
  8331 | D:7      | Learned a level 4 spell: Animate Dead
  8551 | D:7      | Found a glowing golden altar of the Shining One.
  8551 | D:7      | Found a snail-covered altar of Cheibriados.
  8570 | D:7      | Noticed Duvessa
  8584 | D:7      | Killed Duvessa
  8634 | D:7      | Noticed Dowan
  8644 | D:7      | Killed Dowan
  9062 | D:7      | Found a transporter.
  9062 | D:7      | Noticed PeSeC's ghost (amateur MiFi)
  9064 | D:7      | Found a transporter.
  9064 | D:7      | Identified the +6 great mace of Oenomania {venom, rF+}
  9203 | D:7      | Killed PeSeC's ghost
  9788 | D:8      | Noticed a two-headed ogre
  9795 | D:8      | Killed a two-headed ogre
  9795 | D:8      | Reached skill level 1 in Necromancy
  9976 | D:8      | Reached * piety under Vehumet
  9976 | D:8      | Offered knowledge of Shock by Vehumet.
 10195 | D:8      | Reached skill level 1 in Evocations
 10317 | D:8      | Reached XP level 11. HP: 51/64 MP: 22/22
 10327 | D:8      | Reached skill level 10 in Earth Magic
 10507 | D:9      | Noticed Harold
 10516 | D:9      | Killed Harold
 10561 | D:9      | Noticed Maurice
 11276 | D:9      | Noticed Gastronok
 11674 | D:9      | Killed Gastronok
 11674 | D:9      | Reached skill level 5 in Dodging
 11827 | D:9      | Learned a level 3 spell: Conjure Flame
 11833 | D:9      | Learned a level 5 spell: Fireball
 11846 | D:9      | Killed Maurice
 12093 | D:9      | Reached ** piety under Vehumet
 12127 | D:9      | Offered knowledge of Freeze by Vehumet.
 12382 | D:10     | Entered Level 10 of the Dungeon
 12466 | D:10     | Noticed a two-headed ogre
 12487 | D:10     | Killed a two-headed ogre
 12632 | D:10     | Found a staircase to the Orcish Mines.
 12866 | D:10     | Found a staircase to the Lair.
 12879 | D:10     | Offered knowledge of Static Discharge by Vehumet.
 13689 | D:10     | Reached *** piety under Vehumet
 13689 | D:10     | Reached skill level 11 in Earth Magic
 13742 | D:10     | Reached XP level 12. HP: 54/71 MP: 7/24
 13935 | D:10     | Found Qocleyha's Armour Shop.
 14148 | Orc:1    | Entered Level 1 of the Orcish Mines
 14148 | Orc:1    | Noticed a stone giant
 14178 | D:10     | HP: 2/71 [stone giant (33)]
 14178 | D:10     | Annihilated by a stone giant

Skill      XL: |  1  2  3  4  5  6  7  8  9 10 11 |
---------------+----------------------------------+-----
Earth Magic    | 4 5 6 7 8 9 11 | 11.0
Fighting       | 1 2 3 4 5 6 |  6.6
Dodging        | 2 3 4 5 |  5.3
Spellcasting   | 3 4 5 6 7 8 |  8.3
Transmutations | 1 2 3 4 |  4.9
Conjurations   | 1 2 3 4 5 6 |  6.5
Maces & Flails | 1 2 3 4 |  4.9
Staves         | 1 2 |  2.2
Necromancy     | 1 2 |  2.7
Evocations     | 1 2 |  2.7
Stealth        | |  2.6

Action                   |  1- 3 |  4- 6 |  7- 9 | 10-12 || total
-------------------------+-------+-------+-------+-------++-------
Melee: Dagger            |    33 |       |       |       ||    33
       Unarmed           |     6 |       |       |       ||     6
       Hand axe          |    38 |    42 |       |       ||    80
       Morningstar       |       |    88 |   112 |       ||   200
       Staff             |       |       |     7 |    37 ||    44
       Great mace        |       |       |       |   152 ||   152
 Cast: Sandblast         |    14 |    28 |    93 |    64 ||   199
       Stone Arrow       |       |     9 |    46 |   130 ||   185
       Lee's Rapid Decon |       |       |     2 |     8 ||    10
       Petrify           |       |       |       |     3 ||     3
       Conjure Flame     |       |       |       |     3 ||     3
  Use: Scroll            |       |     5 |     1 |     1 ||     7
       Potion            |       |       |     2 |     3 ||     5
 Stab: Sleeping          |     1 |     7 |       |     3 ||    11
       Distracted        |       |       |     1 |       ||     1
       Petrified         |       |       |       |     7 ||     7
  Eat: Chunk             |       |     5 |     7 |     2 ||    14
       Ration            |       |     1 |     3 |     6 ||    10
Armor: Robe              |    20 |    49 |    81 |   113 ||   263
Dodge: Dodged            |    52 |    99 |   133 |   196 ||   480
